 Dungeon Crawl Stone Soup version 0.31-a0-667-g39726597b9 (webtiles) character file.

Game seed: 7333938750483234990

35 Xavori the Trooper (level 3, -14/26 HPs)
             Began as an Octopode Chaos Knight on Sept 4, 2023.
             Was a Plaything of Xom.
             Demolished by a gnoll
             ... wielding a +0 halberd
              (16 damage)
             ... on level 2 of the Dungeon.
             The game lasted 00:01:17 (9966 turns).

Xavori the Trooper (Octopode Chaos Knight)          Turns: 9966, Time: 00:01:18

Health: -14/26     AC:  1    Str: 11    XL:     3   Next: 33%
Magic:  3/3        EV: 13    Int: 14    God:    Xom [.....*]
Gold:   218        SH:  0    Dex: 13    Spells: 2/2 levels left

rFire   + . .        a - +0 short sword (chaos)
rCold   . . .        (no shield)
rNeg    . . .        (helmet restricted)
rPois   .            (no amulet)
rElec   .            (no ring)
rCorr   .            (no ring)
SInv    .            (no ring)
Will    .....        (no ring)
Stlth   +++          (no ring)
HPRegen 0.24/turn    (no ring)
MPRegen 0.08/turn    (no ring)
                     (no ring)

%: no passive effects
@: no status effects
A: almost no armour, amphibious, 8 rings, camouflage 1, gelatinous body 1,
(nimble swimmer 1), tentacles, fire resistance 1, no potion heal 1, noise
suppression
a: Renounce Religion


You were on level 2 of the Dungeon.
You worshipped Xom.
You were Xom's teddy bear.
You visited 1 branch of the dungeon, and saw 2 of its levels.

You collected 218 gold pieces.

Inventory:

Hand Weapons
 a - a +0 short sword of chaos (weapon)
Jewellery
 i - a +5 ring of evasion
Scrolls
 b - a scroll of butterflies
 c - 2 scrolls of enchant weapon {unknown}
 d - 2 scrolls of identify {unknown}
 h - a scroll of blinking {unknown}
Potions
 e - a potion of brilliance {unknown}
 f - a potion of invisibility {unknown}
 g - a potion of curing {unknown}


   Skills:
 + Level 3.4 Fighting
 + Level 3.4 Short Blades
 + Level 2.6 Dodging
 + Level 1.8 Stealth


You had 2 spell levels left.
You didn't know any spells.
Your spell library contained the following spells:

 Spells                   Type           Power      Damage    Failure   Level
 Summon Small Mammal      Summ           0%         N/A       28%         1
 Lesser Beckoning         Tloc           0%         N/A       41%         2
 Sublimation of Blood     Necr           0%         N/A       41%         2
 Wereblood                Tmut           0%         N/A       41%         2
 Call Canine Familiar     Summ           0%         N/A       65%         3
 Gell's Gravitas          Tloc           0%         N/A       65%         3
 Summon Guardian Golem    Hex/Summ       0%         N/A       65%         3
 Teleport Other           Tloc           0%         N/A       65%         3
 Summon Hydra             Summ           0%         N/A       100%        7


Dungeon Overview and Level Annotations

Branches:
Dungeon (2/15)

Altars:


Innate Abilities, Weirdness & Mutations

You cannot wear most types of armour.
You are amphibious.
You can wear up to eight rings at the same time.
Your skin changes colour to match your surroundings (Stealth+).
Your rubbery body absorbs attacks. (AC +1, EV +1)
((You are camouflaged when in or above water. (Stealth+)))
You have tentacles for arms and can constrict up to eight enemies at once.
Your flesh is heat resistant. (rF+)
Potions are less effective at restoring your health.
You passively dampen the noise of your surroundings.


Message History

The gnoll hits you from afar with a +0 halberd.
There are monsters nearby!
The gnoll closely misses you.
There are monsters nearby!
You hit the gnoll. You freeze the gnoll. You grab the gnoll.
The gnoll is moderately wounded.
You constrict the gnoll, but do no damage.
The gnoll barely misses you. The gnoll misses you.
The gnoll closely misses you.
There are monsters nearby!
You hit the gnoll.
The gnoll is severely wounded.
You constrict the gnoll. The gnoll closely misses you.
The gnoll completely misses you. The gnoll closely misses you.
There are monsters nearby!
You hit the gnoll.
You kill the gnoll!
The rat bites you.
The gnoll hits you from afar with a +0 halberd!
The gnoll closely misses you.
Unknown command.
You are too injured to fight recklessly!
You are too injured to fight recklessly!
Unknown command.
You are too injured to fight recklessly!
The gnoll barely misses you.
You completely miss the rat. You grab the rat. You constrict the rat.
The gnoll hits you from afar with a +0 halberd!
* * * LOW HITPOINT WARNING * * *
You are too injured to fight recklessly!
You hit the rat.
You kill the rat!
The gnoll barely misses you.
You are too injured to fight recklessly!
The gnoll attacks as it pursues you! The gnoll closely misses you.
The gnoll attacks as it pursues you!
The gnoll hits you from afar with a +0 halberd!
Ouch! That really hurt!
You die...
Xom bursts into laughter!

.## ###.### .. ....... #.
....... #.###)......
#..g.g...... #..##>......
#.g# ....... #..# .......
#.@#####.###.
####.....##.....
..................
.#####.###.###### #.
#....>...##
##.##.......[.###
#...............#
#.............#.#########
..##..)...†............#


You could see 2 gnolls.

Vanquished Creatures
  A gnoll (D:2)
  A dart slug (D:1)
  An endoplasm (D:1)
  A giant cockroach (D:1)
  3 hobgoblins
  3 quokkas (D:1)
  4 ball pythons
  3 bats (D:1)
  A frilled lizard (D:1)
  A kobold (D:1)
  5 rats
24 creatures vanquished.

Notes
Turn   | Place    | Note
-------+----------+-------------------------------------------
     0 | D:1      | Xavori the Octopode Chaos Knight began the quest for the
                  | Orb.
     0 | D:1      | Reached XP level 1. HP: 16/16 MP: 1/1
    87 | D:1      | XOM: silly message
   108 | D:1      | Reached XP level 2. HP: 19/21 MP: 2/2
   687 | D:1      | XOM: divination: magic mapping
   739 | D:1      | XOM: silly message
   904 | D:1      | XOM: cloud trail
  1347 | D:1      | XOM: divination: detect items
  1902 | D:1      | XOM is BORED!
  1902 | D:1      | XOM: give mutation
  1902 | D:1      | Gained mutation: Your flesh is heat resistant. (rF+) [Xom's
                  | mischief]
  1908 | D:1      | XOM: noise
  2511 | D:1      | XOM: noise
  2873 | D:1      | XOM: divination: detect creatures
  3544 | D:1      | XOM: scenery: 2 doors open, 1 doors close
  3683 | D:1      | XOM: silly message
  3820 | D:1      | XOM: torment (12/21 hp)
  4591 | D:1      | XOM: god gift: inky potion {god gift}
  4883 | D:1      | XOM: give mutation
  4883 | D:1      | Gained mutation: Your muscles are strong. (Str +4, Int/Dex
                  | -1) [Xom's grace]
  5948 | D:1      | XOM: god gift: 29 gold pieces
  6102 | D:1      | XOM: scenery: 1 doors open, 2 doors close
  6354 | D:1      | XOM is BORED!
  6354 | D:1      | XOM: give mutation
  6354 | D:1      | Gained mutation: You passively dampen the noise of your
                  | surroundings. [Xom's mischief]
  7023 | D:1      | XOM: scenery: 2 doors open, 1 doors close
  7335 | D:1      | XOM: god gift: 51 gold pieces
  7980 | D:1      | XOM: cloud trail
  8795 | D:1      | XOM: give mutations
  8795 | D:1      | Lost mutation: Your muscles are strong. (Str +4, Int/Dex
                  | -1) [Xom's mischief]
  8795 | D:1      | Gained mutation: Potions are less effective at restoring
                  | your health. [Xom's mischief]
  8805 | D:1      | XOM: scenery: 1 doors open, 2 doors close
  8875 | D:1      | XOM: cloud trail
  9491 | D:1      | XOM: divination: detect creatures
  9741 | D:1      | XOM: summons 2 hostile demons
  9763 | D:2      | XOM: silly message
  9797 | D:2      | XOM is BORED!
  9797 | D:2      | XOM: 5-stop teleportation journey
  9799 | D:2      | XOM: silly message
  9841 | D:2      | Reached skill level 1 in Stealth
  9905 | D:2      | Reached XP level 3. HP: 26/26 MP: 3/3
  9907 | D:2      | Identified the +4 broad axe "Sosh" {flame, Str+7}
  9961 | D:2      | HP: 1/26 [gnoll/+0 halberd (11)]
  9966 | D:2      | Demolished by a gnoll

Illustrated notes

Levels and vault maps discovered:
D:1:      lightli_arrival_noodles, layout_loops_corners,
          hangedman_decor_peaks_small
D:2:      layout_loops_ring, minmay_3d_cube

Skill      XL: |  1  2 |
---------------+-------+-----
Stealth        | 1 |  1.8
Fighting       | |  3.4
Short Blades   | |  3.4
Dodging        | |  2.6

Action                     || total
---------------------------++-------
  Melee: Short sword       ||    58
         Constrict         ||    16
         Tentacles         ||     4
    Use: Potion            ||     1
   Stab: Paralysed         ||     2
         Sleeping          ||     2
 Armour: Skin              ||    23
  Dodge: Dodged            ||    42

Table legend: (Time is in decaauts)
 A = Elapsed time spent in this place.
 B = Non-inter-level travel time spent in this place.
 C = Inter-level travel time spent in this place.
 D = Time resting spent in this place.
 E = Time spent auto-exploring this place.
 F = Levels seen in this place.
 G = Mean time per level.
                   A        B        C        D        E       F      G
               +--------+--------+--------+--------+--------+-----+--------+
         Total |   9957 |   9945 |     12 |   8939 |    829 |   2 | 4978.5 |
       Dungeon |   9957 |   9945 |     12 |   8939 |    829 |   2 | 4978.5 |
               +--------+--------+--------+--------+--------+-----+--------+

Top non-repeatable levels by time:
     D:1: 9734 daAuts
     D:2: 222 daAuts
